 Dungeon Crawl Stone Soup version 0.26.1-11-gd32895ea62 (webtiles) character file.

Game seed: 10214409590919642505

25 Almogavar the Conjurer (level 3, -3/19 HPs)
             Began as a Kobold Conjurer on May 21, 2021.
             Slain by a gnoll
             ... wielding a +0 club
              (8 damage)
             ... on level 2 of the Dungeon.
             The game lasted 00:02:42 (1147 turns).

Almogavar the Conjurer (Kobold Conjurer)            Turns: 1147, Time: 00:02:42

Health: -3/19      AC:  2    Str:  4    XL:     3   Next: 20%
Magic:  1/6        EV: 15    Int: 20    God:
Gold:   52         SH:  0    Dex: 13    Spells: 3/6 levels left

rFire    . . .     SeeInvis .   (weapon restricted)
rCold    . . .     Faith    .   (shield restricted)
rNeg     . . .     Spirit   .   a - +0 robe
rPois    .         Reflect  .   (no helmet)
rElec    .         Harm     .   (no cloak)
rCorr    .         Rampage  .   (no gloves)
Will     .....                  (no boots)
Stlth    +++.......             (no amulet)
HPRegen  0.06/turn              (no ring)
MPRegen  0.10/turn              (no ring)

@: no status effects
A: small, nightstalker 3
a: no special abilities


You were on level 2 of the Dungeon.
You visited 1 branch of the dungeon, and saw 2 of its levels.

You collected 52 gold pieces.

Inventory:

Hand Weapons
 d - a +0 mace of distortion
Armour
 a - a +0 robe (worn)
 f - a +0 ring mail
Scrolls
 c - a scroll of remove curse
 h - a scroll of fear {unknown}
Potions
 b - a potion of degeneration {unknown}
 e - a potion of brilliance {unknown}
 g - a potion of curing {unknown}
 i - a potion of berserk rage {unknown}


   Skills:
 + Level 2.5 Dodging
 + Level 3.0 Stealth
 + Level 2.3 Spellcasting
 + Level 4.7 Conjurations


You had 3 spell levels left.
You knew the following spells:

 Your Spells              Type           Power        Failure   Level
a - Magic Dart            Conj           84%          2%          1
b - Searing Ray           Conj           42%          3%          2

Your spell library contained the following spells:

 Spells                   Type           Power        Failure   Level
 Dazzling Flash           Conj/Hex       22%          17%         3
 Fulminant Prism          Conj/Hex       5%           50%         4
 Iskenderun's Mystic Bla  Conj/Tloc      11%          50%         4


Dungeon Overview and Level Annotations

Branches:
Dungeon (2/15)

Altars:


Innate Abilities, Weirdness & Mutations

You are small and have problems with some larger weapons.
You are completely attuned to the shadows.


Message History

Aim: a gnoll, wielding a +0 halberd and wearing an uncursed ring of magical power (severely wounded, 19% to evade)
The searing ray hits the gnoll.
The gnoll is heavily wounded.
The searing ray hits the gnoll.
You kill the gnoll! (Press . to maintain the ray.)
A gnoll comes into view. It is wielding a +0 club.
The gnoll closely misses you.
You have reached level 3!
Your experience leads to an increase in your attributes!
Increase (S)trength, (I)ntelligence, or (D)exterity?
You feel clever.
Without enough magic to sustain it, your searing ray dissipates.
The gnoll hits you with a +0 flail!
Ouch! That really hurt!
The gnoll hits you with a +0 flail.
* * * LOW HITPOINT WARNING * * *
Okay, then.
The gnoll hits you with a +0 club!
You die...

#.# #.###### #......#
####### #.####.# ......#
#....<.#
......###################.#
..................# #.#
..###..........gg.# #.# ..#
#(..........@.# #.# ..#
#.......####### #.# ..#
#.......# #.# ..#
#.......## ########.# ..
#........# #........# ##
#######...# #.########
#.........# #.#
#.......#######.#
+.......'......>#


You could see 2 gnolls.

Vanquished Creatures
  A gnoll (D:2)
  A leopard gecko (D:1)
  3 goblins (D:1)
  3 hobgoblins
  A kobold (D:1)
  4 bats (D:1)
  2 frilled lizards
15 creatures vanquished.

Notes
Turn   | Place    | Note
-------+----------+-------------------------------------------
     0 | D:1      | Almogavar the Kobold Conjurer began the quest for the Orb.
     0 | D:1      | Reached XP level 1. HP: 10/10 MP: 3/3
   209 | D:1      | Reached XP level 2. HP: 15/15 MP: 3/5
   212 | D:1      | Learned a level 2 spell: Searing Ray
  1131 | D:2      | Reached XP level 3. HP: 19/19 MP: 0/6
  1147 | D:2      | Slain by a gnoll

Illustrated notes

Levels and vault maps discovered:
D:1:      amcnicky_arrival_single_pillar, layout_rooms
D:2:      layout_basic, lemuel_crystal_altar, uniq_crazy_yiuf_cottage

Skill      XL: |  1  2 |
---------------+-------+-----
Stealth        | 3 |  3.0
Dodging        | |  2.5
Spellcasting   | |  2.3
Conjurations   | |  4.7

Action                   || total
-------------------------++-------
 Cast: Magic Dart        ||    15
       Searing Ray       ||     8
  Use: Scroll            ||     1
Dodge: Dodged            ||     1
